 Dungeon Sprint DCSS version 0.31-a0-408-gb642c7f9a3 (webtiles) character file.

Game seed: 8038929435578384996

102 rocky1 the Geomancer (level 4, -1/24 HPs)
             Began as a Gargoyle Earth Elementalist on July 30, 2023.
             Slain by a water elemental (4 damage)
             ... in the Dungeon (Sprint III: "The Ten Rune Challenge").
             The game lasted 00:01:26 (423 turns).

rocky1 the Geomancer (Gargoyle Earth Elementalist)   Turns: 423, Time: 00:01:27

Health: -1/24      AC:  6    Str: 15    XL:     4   Next: 78%
Magic:  4/7        EV: 11    Int: 17    God:
Gold:   17         SH:  0    Dex:  9    Spells: 3/7 levels left

rFire   . . .        (no weapon)
rCold   . . .        (no shield)
rNeg    + . .        a - +0 robe
rPois   ∞            (no helmet)
rElec   +            (no cloak)
rCorr   .            (no gloves)
SInv    .            (no boots)
Will    .....        (no amulet)
Stlth   ++           h - ring of wizardry
HPRegen 0.24/turn    (no ring)
MPRegen 0.10/turn

%: no teleportation, wizardry (x1)
@: engulfed, flying
A: sickness immunity, AC +3, negative energy resistance 1, electricity
resistance, torment resistance 1, petrification resistance, big wings, shaggy
fur 1, strong 1
a: no special abilities


You were in the Dungeon.
You visited 1 branch You collected 17 gold pieces.

Inventory:

Armour
 a - a +0 robe (worn)
Jewellery
 h - a ring of wizardry (left hand)
Scrolls
 g - a scroll of blinking
 i - 4 scrolls of identify
 j - a scroll of immolation {unknown}
 l - a scroll of torment {unknown}
Potions
 b - 3 potions of magic
 c - a potion of curing
 d - a potion of heal wounds
 e - a potion of haste
 f - a potion of berserk rage
 k - 3 potions of enlightenment
 m - 4 potions of mutation


   Skills:
 - Level 1.5 Dodging
 - Level 2.1 Stealth
 - Level 2.0 Spellcasting
 - Level 0.7 Transmutations
 * Level 11.3 Earth Magic


You had 3 spell levels left.
You knew the following spells:

 Your Spells              Type           Power      Damage    Failure   Level
a - Sandblast             Erth           80%        2d17      1%          1
b - Stone Arrow           Conj/Erth      42%        3d9       2%          3

Your spell library contained the following spells:

 Spells                   Type           Power      Damage    Failure   Level
 Passwall                 Tmut/Erth      18%        N/A       1%          2
 Petrify                  Tmut/Erth      22%        N/A       6%          4


Dungeon Overview and Level Annotations

Branches:
Dungeon (1/1)

Altars:


Innate Abilities, Weirdness & Mutations

You are immune to sickness and miasma.
Your stone body is resilient. (AC +3)
You are immune to poison.
You resist negative energy. (rN+)
You are resistant to electric shocks. (rElec)
You are resistant to unholy torment.
You are immune to petrification.
Your large and strong wings let you fly.
You are covered in fur. (AC +1)
Your muscles are strong. (Str +4, Int/Dex -1)


Message History

Aiming: Sandblast (safe; 1% risk of failure)
Press: ? - help, Q - select action Shift-Dir - straight line, f/p - human
Aim: a human (almost dead, 78% to hit)
The blast of sand hits the human!
You kill the human!
Your Earth Magic skill increases to level 11!
You start resting.
Magic restored.
You start waiting.
This spell is dangerous to cast!
Memorise Stone Arrow, consuming 3 spell levels and leaving 3?
You start memorising the spell.
You continue memorising. x3
You finish memorising.
Spell assigned to 'b'.
You reach down and open the door.
A water elemental comes into view.
Aiming: Sandblast (safe; 1% risk of failure)
Press: ? - help, Q - select action, (/) - cycle Shift-Dir - straight line, f - water elemental
Aim: a water elemental (91% to hit)
The blast of sand misses the water elemental.
The water elemental closely misses you.
Unknown command.
Aiming: Sandblast (safe; 1% risk of failure)
Press: ? - help, Q - select action, (/) - cycle Shift-Dir - straight line, f/p - water elemental
Aim: a water elemental (91% to hit)
The blast of sand hits the water elemental.
The water elemental is lightly damaged.
The water elemental hits you.
The water elemental engulfs you in water!
You hear a shout!
Aiming: Sandblast (safe; 1% risk of failure)
Press: ? - help, Q - select action, (/) - cycle Shift-Dir - straight line, f/p - water elemental
Aim: a water elemental (lightly damaged, 91% to hit)
The blast of sand hits the water elemental!
The water elemental is heavily damaged.
The water elemental hits you!
Ouch! That really hurt!
* * * LOW HITPOINT WARNING * * *
You hear a shout!
The water elemental hits you.
You die...

▓▓▓▓▓▓▓▓▓▓▓▓ ▓▓▓
<.#..'...♣.♣ ♣.#
..#..#.....♣♣ ♣.#
#'####....♣.♣ ..#
.....#....~♣♣♣♣♣.# #+#+#
.....#...~~♣..♣♣.#......
.....#..~~~~.♣..@E.⌠....
####)#..~≈≈~~~...#...###
....†#.~~≈~~~....# ⌠.#
.....#.~≈~~~.....# .#
.....#.~~~.......# #
'#####...........#
.................#
▓▓▓▓▓▓▓▓▓▓▓▓▓▓▓▓▓▓


You could see a water elemental.

Vanquished Creatures
  A scorpion (D)
  Jessica (D)
  A human (D)
  2 endoplasms (D)
  A rat (D)
6 creatures vanquished.

Notes
Turn   | Place    | Note
-------+----------+-------------------------------------------
     0 | D        | rocky1 the Gargoyle Earth Elementalist began the quest for
                  | the Orb.
     0 | D        | Reached XP level 1. HP: 10/10 MP: 3/3
     5 | D        | Reached skill level 4 in Earth Magic
     6 | D        | Reached skill level 5 in Earth Magic
    30 | D        | Noticed Jessica
    32 | D        | Killed Jessica
    33 | D        | Reached skill level 8 in Earth Magic
    33 | D        | Reached XP level 2. HP: 10/15 MP: 1/5
    33 | D        | Reached XP level 3. HP: 13/19 MP: 1/6
   203 | D        | Noticed a scorpion
   209 | D        | Killed a scorpion
   210 | D        | Reached skill level 10 in Earth Magic
   210 | D        | Reached XP level 4. HP: 24/24 MP: 3/7
   269 | D        | Gained mutation: Your muscles are strong. (Str +4, Int/Dex
                  | -1) [potion of mutation]
   269 | D        | Gained mutation: Your large and strong wings let you fly.
                  | [potion of mutation]
   269 | D        | Gained mutation: You are covered in fur. (AC +1) [potion of
                  | mutation]
   285 | D        | Reached skill level 11 in Earth Magic
   420 | D        | Learned a level 3 spell: Stone Arrow
   420 | D        | Noticed a water elemental
   423 | D        | Slain by a water elemental

Illustrated notes

Levels and vault maps discovered:
D:        dungeon_sprint_mu [sprint_mu_entry_forest, sprint_mu_temple_rooms,
          sprint_mu_d1_horrors, sprint_mu_d2_genie, sprint_mu_d3_branching,
          sprint_mu_orc_legion, sprint_mu_elf_gauntlet, sprint_mu_hive_nellie,
          sprint_mu_lair_fedhas, sprint_mu_vaults_butterflies,
          sprint_mu_slime_circle, sprint_mu_shoals_kraken,
          sprint_mu_snake_twists, sprint_mu_blade_basic,
          sprint_mu_crypt_chambers, sprint_mu_tomb_spiral,
          sprint_mu_vestibule_basic, sprint_mu_gehenna_hellfire,
          sprint_mu_dis_giant, sprint_mu_tartarus_statrot,
          sprint_mu_cocytus_islands, sprint_mu_zot1]

Skill      XL: |  1  2  3  4 |
---------------+-------------+-----
Earth Magic    | 8 10 11 | 11.3
Dodging        | |  1.5
Stealth        | |  2.1
Spellcasting   | |  2.0
Transmutations | |  0.7

Action                     |  1- 3 |  4- 6 || total
---------------------------+-------+-------++-------
  Melee: Unarmed           |       |     1 ||     1
   Cast: Sandblast         |     7 |     8 ||    15
    Use: Potion            |       |     1 ||     1
 Armour: Robe              |     1 |       ||     1
  Dodge: Dodged            |     1 |     3 ||     4

Table legend: (Time is in decaauts)
 A = Elapsed time spent in this place.
 B = Non-inter-level travel time spent in this place.
 C = Inter-level travel time spent in this place.
 D = Time resting spent in this place.
 E = Time spent auto-exploring this place.
 F = Levels seen in this place.
 G = Mean time per level.
                   A        B        C        D        E       F      G
               +--------+--------+--------+--------+--------+-----+--------+
         Total |    429 |    429 |      0 |    316 |      0 |   1 |  429.0 |
       Dungeon |    429 |    429 |      0 |    316 |      0 |   1 |  429.0 |
               +--------+--------+--------+--------+--------+-----+--------+

Top non-repeatable levels by time:
       D: 429 daAuts
